 Dungeon Crawl Stone Soup version 0.26.1-11-gd32895ea62 (webtiles) character file.

Game seed: 14004539124545685893

40 Zeld the Twirler (level 3, 0/24 HPs)
             Began as an Octopode Gladiator on May 17, 2021.
             Slain by a jelly (3 damage)
             ... on level 2 of the Dungeon.
             The game lasted 00:01:30 (843 turns).

Zeld the Twirler (Octopode Gladiator)                Turns: 843, Time: 00:01:30

Health: 0/24       AC: -3    Str: 13    XL:     3   Next: 50%
Magic:  3/3        EV: 14    Int: 10    God:
Gold:   93         SH:  0    Dex: 14    Spells: 2/2 levels left

rFire    . . .     SeeInvis .   a - +0 quarterstaff
rCold    . . .     Faith    .   (shield currently unavailable)
rNeg     . . .     Spirit   .   b - +0 hat
rPois    .         Reflect  .   (no amulet)
rElec    .         Harm     .   (no ring)
rCorr    .         Rampage  .   (no ring)
Will     .....                  (no ring)
Stlth    ++........             (no ring)
HPRegen  0.08/turn              (no ring)
MPRegen  0.08/turn              (no ring)
                                (no ring)
                                (no ring)

@: corroded
A: almost no armour, stealthy swim, amphibious, 8 rings, constrict 8, camouflage
1, gelatinous body 1
a: no special abilities


You were on level 2 of the Dungeon.
You visited 1 branch of the dungeon, and saw 2 of its levels.

You collected 93 gold pieces.

Inventory:

Hand Weapons
 a - a +0 quarterstaff (weapon)
Missiles
 d - 22 poisoned darts (quivered)
 i - 3 throwing nets
Armour
 b - a +0 hat (worn)
Jewellery
 g - an uncursed amulet of the acrobat {unknown}
Scrolls
 e - a scroll of blinking {unknown}
 f - a scroll of teleportation {unknown}
Potions
 c - a potion of mutation {unknown}
 h - a potion of brilliance {unknown}


   Skills:
 - Level 2.0 Fighting
 * Level 4.1 Staves
 + Level 2.5 Throwing
 - Level 3.0 Dodging


You had 2 spell levels left.
You didn't know any spells.
Your spell library was empty.

Dungeon Overview and Level Annotations

Branches:
Dungeon (2/15)

Altars:


Innate Abilities, Weirdness & Mutations

You cannot wear most types of armour.
You are very stealthy in the water. (Stealth+)
You are amphibious.
You can wear up to eight rings at the same time.
You can use your tentacles to constrict eight enemies at once.
Your skin changes colour to match your surroundings (Stealth+).
Your rubbery body absorbs attacks. (AC +1, EV +1)


Message History

You see here a jackal corpse.
You hit the jelly.
Your tentacles burn!
The jelly is lightly wounded.
The jelly closely misses you.
You sock the jelly! The acid corrodes you!
Your tentacles burn!
The jelly is severely wounded.
The jelly misses you.
You hit the jelly.
Your tentacles burn!
The jelly is almost dead.
The jelly hits you.
You are splashed with acid!
* * * LOW HITPOINT WARNING * * *
You are too injured to fight recklessly!
You are too injured to fight recklessly!
The dart slug launches a dart at you. The slug dart misses you.
There is a stone staircase leading up here.
Things that are here:
a +0 hunting sling; 22 stones; a goblin corpse The jelly hits you.
You die...

#############
##....#.......
.....#.......
..>+.......
##r#..[....
#.J†.......
#@##....###
#..w....+
#.##....# #.#
....# #.#
...... #.#
..##.#. #.#
..# .. ...


You could see a jelly, a dart slug and a quokka.

Vanquished Creatures
  An ooze (D:1)
  2 leopard geckos (D:1)
  7 goblins
  3 hobgoblins (D:1)
  4 jackals (D:2)
  5 bats
  A frilled lizard (D:1)
  5 kobolds
  5 rats
33 creatures vanquished.

Notes
Turn   | Place    | Note
-------+----------+-------------------------------------------
     0 | D:1      | Zeld the Octopode Gladiator began the quest for the Orb.
     0 | D:1      | Reached XP level 1. HP: 14/14 MP: 1/1
   129 | D:1      | Reached XP level 2. HP: 19/19 MP: 2/2
   503 | D:1      | Reached XP level 3. HP: 24/24 MP: 3/3
   682 | D:2      | Reached skill level 4 in Staves
   843 | D:2      | Slain by a jelly

Illustrated notes

Levels and vault maps discovered:
D:1:      ebering_trefoil_3fold, layout_basic
D:2:      layout_basic, nicolae_overflow_crystal_walls, mrwooster_statue_mirror,
          nicolae_qazlal_general_emergency

Skill      XL: |  1  2  3 |
---------------+----------+-----
Staves         | 4 |  4.1
Fighting       | |  2.0
Throwing       | |  2.5
Dodging        | |  3.0

Action                   || total
-------------------------++-------
Melee: Quarterstaff      ||    54
       Constrict         ||    11
       Tentacles         ||     8
 Stab: Sleeping          ||     4
Armor: Skin              ||     2
Dodge: Dodged            ||    38
